3AA
BETHESDA ATOMS @ VIRGINIA BEACH DEUCES
06/10/2030
 
TOP OF THE 1ST
Bethesda Atoms batting - Pitching for Virginia Beach Deuces : RHP Pleun Davidse
Pitching: RHP Pleun Davidse
Batting: RHB Diego Romero 0-0: Ball
1-0: Ball
2-0: Foul Ball, location: 2F
2-1: TRIPLE (Line Drive, 7LD)
Batting: RHB Tomás Gonzáles 0-0: Called Strike
0-1: DOUBLE (Line Drive, 9D)
Diego Romero scores
Batting: RHB Lester Kwiatkowski 0-0: DOUBLE (Line Drive, 8LD)
Tomás Gonzáles scores
Batting: RHB Jorge Cortéz 0-0: Ball
1-0: Ball
2-0: Fly out, F9 (Flyball, 9)
Batting: RHB Renato Zuvic 0-0: Called Strike
0-1: Ball
1-1: Ground out 5-3 (Groundball, 5)
Batting: RHB Vic Richards 0-0: Ball
1-0: Called Strike
1-1: Swinging Strike
1-2: Strikes out swinging
Top of the 1st over - 2 runs, 3 hits, 0 errors, 1 left on base; Bethesda 2 - Virginia Beach 0
BOTTOM OF THE 1ST
Virginia Beach Deuces batting - Pitching for Bethesda Atoms : RHP Vincent O'Higgin
Pitching: RHP Vincent O'Higgin
Batting: RHB Tevin McTevin 0-0: SINGLE (Groundball, 4MD)
Batting: RHB Stan Pagnotta 0-0: Called Strike
0-1: Ball
1-1: Ground out 5-3 (Groundball, 56S)
Tevin McTevin to second
Batting: RHB James Hill 0-0: Ball
1-0: Called Strike
1-1: Swinging Strike
1-2: Strikes out looking
Batting: SHB Leo Szilard 0-0: Called Strike
0-1: Foul Ball, location: 2F
0-2: Fly out, F7 (Line Drive, 7LD)
Bottom of the 1st over - 0 runs, 1 hit, 0 errors, 1 left on base; Bethesda 2 - Virginia Beach 0
TOP OF THE 2ND
Bethesda Atoms batting - Pitching for Virginia Beach Deuces : RHP Pleun Davidse
Batting: RHB Andrés López 0-0: Called Strike
0-1: Swinging Strike
0-2: Ball
1-2: Ground out 3-1 (Groundball, 34)
Batting: RHB Miguel Angel Montaño 0-0: Ball
1-0: SINGLE (Groundball, 34D)
Batting: RHB Héctor Amador 0-0: Called Strike
0-1: Ball
1-1: Ball
2-1: Foul Ball, location: 2F
2-2: Fly out, F2 (Popup, 25F)
Batting: RHB Diego Romero 0-0: Ball
1-0: Fly out, F8 (Flyball, 89D)
Top of the 2nd over - 0 runs, 1 hit, 0 errors, 1 left on base; Bethesda 2 - Virginia Beach 0
BOTTOM OF THE 2ND
Virginia Beach Deuces batting - Pitching for Bethesda Atoms : RHP Vincent O'Higgin
Batting: RHB Jack Bonner 0-0: Ball
1-0: Ball
2-0: Called Strike
2-1: Ball
3-1: Base on Balls
Batting: RHB Luis Díaz 0-0: Ball
1-0: Ball
2-0: Ball
3-0: Base on Balls
Jack Bonner to second
Batting: SHB Iikka Karpinen 0-0: Called Strike
0-1: Swinging Strike
0-2: Ball
1-2: Foul Ball, location: 2F
1-2: Ball
2-2: Strikes out swinging
Batting: RHB Lane McCool 0-0: Swinging Strike
0-1: Swinging Strike
0-2: Foul Ball, location: 2F
0-2: Strikes out swinging
Batting: RHB Alejandro Bracamonte 0-0: Ground out 4-3 (Groundball, 4MD)
Bottom of the 2nd over - 0 runs, 0 hits, 0 errors, 2 left on base; Bethesda 2 - Virginia Beach 0
TOP OF THE 3RD
Bethesda Atoms batting - Pitching for Virginia Beach Deuces : RHP Pleun Davidse
Batting: RHB Tomás Gonzáles 0-0: Ground out 4-3 (Groundball, 4)
Batting: RHB Lester Kwiatkowski 0-0: Ball
1-0: Swinging Strike
1-1: Swinging Strike
1-2: Foul Ball, location: 2F
1-2: Ball
2-2: Strikes out swinging
Batting: RHB Jorge Cortéz 0-0: Ball
1-0: Called Strike
1-1: Swinging Strike
1-2: Foul Ball, location: 2F
1-2: Foul Ball, location: 2F
1-2: Foul Ball, location: 2F
1-2: Ball
2-2: Ball
3-2: Foul Ball, location: 2F
3-2: Strikes out swinging
Top of the 3rd over - 0 runs, 0 hits, 0 errors, 0 left on base; Bethesda 2 - Virginia Beach 0
BOTTOM OF THE 3RD
Virginia Beach Deuces batting - Pitching for Bethesda Atoms : RHP Vincent O'Higgin
Batting: RHB Tevin McTevin 0-0: Ball
1-0: SINGLE (Groundball, 6MD)
Batting: RHB Stan Pagnotta 0-0: Called Strike
0-1: Ball
1-1: SINGLE (Groundball, 34) (infield hit)
Tevin McTevin to second
Batting: RHB James Hill 0-0: Called Strike
0-1: Ball
1-1: Foul Ball, location: 2F
1-2: Grounds into double play, 1-6-3 (Groundball, 13)
Tevin McTevin to third
Batting: SHB Leo Szilard 0-0: Ball
1-0: Foul Ball, location: 2F
1-1: Foul Ball, location: 2F
1-2: Strikes out swinging
Bottom of the 3rd over - 0 runs, 2 hits, 0 errors, 1 left on base; Bethesda 2 - Virginia Beach 0
TOP OF THE 4TH
Bethesda Atoms batting - Pitching for Virginia Beach Deuces : RHP Pleun Davidse
Batting: RHB Renato Zuvic 0-0: Ball
1-0: Called Strike
1-1: Foul Ball, location: 2F
1-2: Ball
2-2: Ball
3-2: Strikes out looking
Batting: RHB Vic Richards 0-0: Ball
1-0: Ground out 6-3 (Groundball, 6D)
Batting: RHB Andrés López 0-0: Ball
1-0: Called Strike
1-1: Foul Ball, location: 2F
1-2: Fly out, F4 (Popup, 4S)
Top of the 4th over - 0 runs, 0 hits, 0 errors, 0 left on base; Bethesda 2 - Virginia Beach 0
BOTTOM OF THE 4TH
Virginia Beach Deuces batting - Pitching for Bethesda Atoms : RHP Vincent O'Higgin
Batting: RHB Jack Bonner 0-0: Swinging Strike
0-1: Foul Ball, location: 2F
0-2: Strikes out swinging
Batting: RHB Luis Díaz 0-0: Called Strike
0-1: Ground out 5-3 (Groundball, 56)
Batting: SHB Iikka Karpinen 0-0: Ball
1-0: Called Strike
1-1: Foul Ball, location: 2F
1-2: Ball
2-2: Ball
3-2: Foul Ball, location: 2F
3-2: Fly out, F9 (Flyball, 89M)
Bottom of the 4th over - 0 runs, 0 hits, 0 errors, 0 left on base; Bethesda 2 - Virginia Beach 0
TOP OF THE 5TH
Bethesda Atoms batting - Pitching for Virginia Beach Deuces : RHP Pleun Davidse
Batting: RHB Miguel Angel Montaño 0-0: Called Strike
0-1: Foul Ball, location: 2F
0-2: Ball
1-2: Ball
2-2: Strikes out swinging
Batting: RHB Héctor Amador 0-0: Ball
1-0: Ball
2-0: Called Strike
2-1: Swinging Strike
2-2: Strikes out swinging
Batting: RHB Diego Romero 0-0: Ball
1-0: Ball
2-0: Called Strike
2-1: Fly out, F6 (Line Drive, 6)
Top of the 5th over - 0 runs, 0 hits, 0 errors, 0 left on base; Bethesda 2 - Virginia Beach 0
BOTTOM OF THE 5TH
Virginia Beach Deuces batting - Pitching for Bethesda Atoms : RHP Vincent O'Higgin
Batting: RHB Lane McCool 0-0: Called Strike
0-1: Fly out, F9 (Flyball, 9D)
Batting: RHB Alejandro Bracamonte 0-0: Foul Ball, location: 2F
0-1: Fly out, F7 (Flyball, 7)
Batting: RHB Tevin McTevin 0-0: Ball
1-0: Called Strike
1-1: Ball
2-1: Called Strike
2-2: Ball
3-2: Strikes out looking
Bottom of the 5th over - 0 runs, 0 hits, 0 errors, 0 left on base; Bethesda 2 - Virginia Beach 0
TOP OF THE 6TH
Bethesda Atoms batting - Pitching for Virginia Beach Deuces : RHP Pleun Davidse
Batting: RHB Tomás Gonzáles 0-0: Called Strike
0-1: Ground out 2-3 (Groundball, 2R)
Batting: RHB Lester Kwiatkowski 0-0: Called Strike
0-1: Ball
1-1: Foul Ball, location: 2F
1-2: Foul Ball, location: 2F
1-2: Strikes out swinging
Batting: RHB Jorge Cortéz 0-0: Called Strike
0-1: Ground out 4-3 (Groundball, 34)
Top of the 6th over - 0 runs, 0 hits, 0 errors, 0 left on base; Bethesda 2 - Virginia Beach 0
BOTTOM OF THE 6TH
Virginia Beach Deuces batting - Pitching for Bethesda Atoms : RHP Vincent O'Higgin
Batting: RHB Stan Pagnotta 0-0: Ball
1-0: Foul Ball, location: 2F
1-1: Foul Ball, location: 2F
1-2: Foul Ball, location: 2F
1-2: Ground out 6-3 (Groundball, 6)
Batting: RHB James Hill 0-0: Foul Ball, location: 2F
0-1: Ground out 5-3 (Groundball, 56)
Batting: SHB Leo Szilard 0-0: Foul Ball, location: 2F
0-1: Ground out U3 (Groundball, 3L)
Bottom of the 6th over - 0 runs, 0 hits, 0 errors, 0 left on base; Bethesda 2 - Virginia Beach 0
TOP OF THE 7TH
Bethesda Atoms batting - Pitching for Virginia Beach Deuces : RHP Pleun Davidse
Batting: RHB Renato Zuvic 0-0: Foul Ball, location: 2F
0-1: Foul Ball, location: 2F
0-2: Ball
1-2: Strikes out looking
Batting: RHB Vic Richards 0-0: Called Strike
0-1: Foul Ball, location: 2F
0-2: Ball
1-2: Strikes out looking
Batting: RHB Andrés López 0-0: Swinging Strike
0-1: Ball
1-1: Ground out 6-3 (Groundball, 6)
Top of the 7th over - 0 runs, 0 hits, 0 errors, 0 left on base; Bethesda 2 - Virginia Beach 0
BOTTOM OF THE 7TH
Virginia Beach Deuces batting - Pitching for Bethesda Atoms : RHP Vincent O'Higgin
Batting: RHB Jack Bonner 0-0: Ball
1-0: Swinging Strike
1-1: Ground out 5-3 (Groundball, 56)
Batting: RHB Luis Díaz 0-0: Called Strike
0-1: Ball
1-1: Ball
2-1: Called Strike
2-2: Foul Ball, location: 2F
2-2: Strikes out looking
Batting: SHB Iikka Karpinen 0-0: Ground out 1-3 (Groundball, 15S)
Bottom of the 7th over - 0 runs, 0 hits, 0 errors, 0 left on base; Bethesda 2 - Virginia Beach 0
TOP OF THE 8TH
Bethesda Atoms batting - Pitching for Virginia Beach Deuces : RHP Pleun Davidse
Batting: RHB Miguel Angel Montaño 0-0: Called Strike
0-1: Ball
1-1: Swinging Strike
1-2: Strikes out swinging
Batting: RHB Héctor Amador 0-0: Ball
1-0: Called Strike
1-1: Ball
2-1: Ball
3-1: Foul Ball, location: 2F
3-2: Foul Ball, location: 2F
3-2: Strikes out swinging
Batting: RHB Diego Romero 0-0: Swinging Strike
0-1: Fly out, F8 (Line Drive, 89M)
Top of the 8th over - 0 runs, 0 hits, 0 errors, 0 left on base; Bethesda 2 - Virginia Beach 0
BOTTOM OF THE 8TH
Virginia Beach Deuces batting - Pitching for Bethesda Atoms : RHP Vincent O'Higgin
Batting: RHB Lane McCool 0-0: Foul Ball, location: 2F
0-1: Ball
1-1: Foul Ball, location: 2F
1-2: Foul Ball, location: 2F
1-2: Fly out, F7 (Flyball, 7LD)
Batting: RHB Alejandro Bracamonte 0-0: Foul Ball, location: 2F
0-1: Swinging Strike
0-2: Ball
1-2: Ball
2-2: Strikes out swinging, 2-3 out at first.
Batting: RHB Tevin McTevin 0-0: Ball
1-0: Swinging Strike
1-1: SINGLE (Line Drive, 34D)
Batting: RHB Stan Pagnotta 0-0: Ball
1-0: Called Strike
1-1: Ball
2-1: Called Strike
2-2: Strikes out swinging, 2-3 out at first.
Bottom of the 8th over - 0 runs, 1 hit, 0 errors, 1 left on base; Bethesda 2 - Virginia Beach 0
TOP OF THE 9TH
Bethesda Atoms batting - Pitching for Virginia Beach Deuces : RHP Pleun Davidse
Batting: RHB Tomás Gonzáles 0-0: Foul Ball, location: 2F
0-1: Fly out, F8 (Flyball, 8LXD)
Batting: RHB Lester Kwiatkowski 0-0: Fly out, F9 (Flyball, 9S)
Batting: RHB Jorge Cortéz 0-0: Fly out, F8 (Flyball, 8RD)
Top of the 9th over - 0 runs, 0 hits, 0 errors, 0 left on base; Bethesda 2 - Virginia Beach 0
BOTTOM OF THE 9TH
Virginia Beach Deuces batting - Pitching for Bethesda Atoms : RHP Vincent O'Higgin
Batting: RHB James Hill 0-0: Fly out, F8 (Flyball, 89M)
Pitching: RHP Mau Delgado
Batting: SHB Leo Szilard 0-0: Foul Ball, location: 2F
0-1: Foul Ball, location: 2F
0-2: Ball
1-2: Ball
2-2: Ground out 4-3 (Groundball, 4)
Batting: RHB Jack Bonner 0-0: Called Strike
0-1: Fly out, F8 (Flyball, 78D)
Bottom of the 9th over - 0 runs, 0 hits, 0 errors, 0 left on base; Bethesda 2 - Virginia Beach 0
Sunday, March 18th, 2018 - OOTP Baseball 18.8 Build 76